 Dungeon Sprint DCSS version 0.31-a0-18-gea43df2a32 (webtiles) character file.

Game seed: 14302510780530082894

183 sircluck the Ruffian (level 5, -4/59 HPs)
             Began as a Troll Berserker on May 11, 2023.
             Was an Elder of Trog.
             Slain by a sun demon (12 damage)
             ... summoned by a kobold demonologist
             ... in the Dungeon (Sprint III: "The Ten Rune Challenge").
             The game lasted 00:00:42 (146 turns).

sircluck the Ruffian (Troll Berserker)               Turns: 146, Time: 00:00:44

Health: -4/59      AC:  4    Str: 27    XL:     5   Next: 35%
Magic:  4/4        EV: 11    Int:  3    God:    Trog [****..]
Gold:   19         SH:  0    Dex:  9    Spells: 4/4 levels left

rFire   . .          .
                       - Unarmed
rCold   . . .        (no shield)
rNeg    . . .        a - +0 animal skin
rPois   .            (helmet restricted)
rElec   .            (no cloak)
rCorr   .            (gloves unavailable)
SInv    .            (boots unavailable)
Will    .....        (no amulet)
Stlth   +            (no ring)
HPRegen 1.09/turn    (no ring)
MPRegen 0.09/turn

%: no teleportation
@: no status effects
A: large, unfitting armour, claws 3, regeneration 1, shaggy fur 1, tough skin 1
a: Renounce Religion, Berserk, Trog's Hand, Brothers in Arms


You were in the Dungeon.
You worshipped Trog.
Trog was greatly pleased with you.
You visited 1 branch You collected 19 gold pieces.

Inventory:

Armour
 a - a +0 animal skin (worn)
Wands
 k - a wand of paralysis (7)
Scrolls
 g - a scroll of blinking
 h - 3 scrolls of identify {unknown}
 j - 2 scrolls of immolation {unknown}
Potions
 b - 3 potions of curing
 c - a potion of heal wounds
 d - a potion of haste
 e - 2 potions of magic
 f - a potion of berserk rage
 i - 4 potions of mutation {unknown}


   Skills:
 + Level 5.7 Fighting
 + Level 5.6 Dodging
 + Level 0.1 Stealth
 + Level 7.4 Unarmed Combat


You had 4 spell levels left.
You didn't know any spells.
Your spell library was empty.

Dungeon Overview and Level Annotations

Branches:
Dungeon (1/1)

Altars:
Dithmenos
Kikubaaqudgha
Ru
Sif Muna
Vehumet
Yredelemnul


Innate Abilities, Weirdness & Mutations

You are too large for most types of armour.
You have claws for hands.
Your natural rate of healing is unusually fast.
You are covered in fur. (AC +1)
You have tough skin. (AC +1)


Message History

Things that are here:
a +1 vampiric dagger; a +0 robe
There is a fountain of clear blue water here.
You recover from your berserk rage.
You open the door.
A wizard comes into view. It is wielding a +0 dagger.
Found a book of Spatial Translocations.
Found three altars.
A kobold demonologist comes into view. It is wielding a +0 dagger.
Found 10 gold pieces.
The wizard shouts!
The kobold demonologist shouts!
The kobold demonologist mumbles some strange words.
The wizard closely misses you.
There is an open door here.
You scratch the sun demon but do no damage.
The sun demon hits you!!
You are engulfed in flames!!
You are too injured to fight recklessly!
You are too injured to fight recklessly!
You are too injured to fight recklessly!
You are too injured to fight recklessly!
You are too injured to fight recklessly!
You are too injured to fight recklessly!
You are too injured to fight recklessly!
You are too injured to fight recklessly!
You are too injured to fight recklessly!
You are too injured to fight recklessly!
You are too injured to fight recklessly!
You are too injured to fight recklessly!
You are too injured to fight recklessly!
You are too injured to fight recklessly!
You are too injured to fight recklessly!
You are too injured to fight recklessly!
You are too injured to fight recklessly!
You mangle the wizard!!
You kill the wizard!
Trog accepts your kill.
You can now call in reinforcements.
Trog appreciates your killing of a magic user.
The sun demon hits you!
* * * LOW HITPOINT WARNING * * *
You are engulfed in flames!
You die...

#..#.....♣ ♣.# #__#
####.....♣ ♣.# #._#
...#....~♣♣♣♣♣.###+#+###)##
...#...~~♣...♣.#..........#
..)#..~~~~♣♣.♣.'.⌠........#
##'#..~≈≈†~~♣♣.#...######+#
.†.#.~~≈~~~....#.⌠.#
...#.~≈~~~.....#...#
...#.~~~.......#@###
####...........#3K$#
...............#___#
▓▓▓▓▓▓▓▓▓▓▓▓▓▓▓▓▓▓▓▓


You could see a sun demon (summoned) and a kobold demonologist.

Vanquished Creatures
  A water elemental (D)
  A necrophage (D)
  A wizard (D)
  A necromancer (D)
  A human (D)
  A wolf (D)
  An endoplasm (D)
  3 rats (D)
10 creatures vanquished.

Notes
Turn   | Place    | Note
-------+----------+-------------------------------------------
     0 | D        | sircluck the Troll Berserker began the quest for the Orb.
     0 | D        | Reached XP level 1. HP: 22/22 MP: 0/0
    11 | D        | Reached ** piety under Trog
    30 | D        | Noticed a wolf
    33 | D        | Killed a wolf
    34 | D        | Reached skill level 4 in Unarmed Combat
    34 | D        | Reached XP level 2. HP: 31/31 MP: 1/1
    68 | D        | Reached XP level 3. HP: 24/39 MP: 2/2
    91 | D        | Noticed a water elemental
    97 | D        | Killed a water elemental
    97 | D        | Reached *** piety under Trog
    98 | D        | Reached skill level 6 in Unarmed Combat
    98 | D        | Reached XP level 4. HP: 49/49 MP: 3/3
   113 | D        | Found a basalt altar of Yredelemnul.
   113 | D        | Found a shadowy altar of Dithmenos.
   113 | D        | Found a sacrificial altar of Ru.
   113 | D        | Noticed a necrophage
   121 | D        | Killed a necrophage
   122 | D        | Reached skill level 5 in Fighting
   122 | D        | Reached skill level 5 in Dodging
   122 | D        | Reached skill level 7 in Unarmed Combat
   122 | D        | Reached XP level 5. HP: 38/57 MP: 4/4
   143 | D        | Found a radiant altar of Vehumet.
   143 | D        | Found a shimmering blue altar of Sif Muna.
   143 | D        | Found an ancient bone altar of Kikubaaqudgha.
   145 | D        | Noticed a sun demon
   146 | D        | Reached **** piety under Trog
   146 | D        | Slain by a sun demon

Illustrated notes

Levels and vault maps discovered:
D:        dungeon_sprint_mu [sprint_mu_entry_forest, sprint_mu_temple_rooms,
          sprint_mu_d1_horrors, sprint_mu_d2_genie, sprint_mu_d3_branching,
          sprint_mu_orc_legion, sprint_mu_elf_gauntlet, sprint_mu_hive_nellie,
          sprint_mu_lair_fedhas, sprint_mu_vaults_butterflies,
          sprint_mu_slime_circle, sprint_mu_shoals_kraken,
          sprint_mu_snake_twists, sprint_mu_blade_basic,
          sprint_mu_crypt_fortress, sprint_mu_tomb_spiral,
          sprint_mu_vestibule_basic, sprint_mu_gehenna_hellfire,
          sprint_mu_dis_giant, sprint_mu_tartarus_statrot,
          sprint_mu_cocytus_islands, sprint_mu_zot1]

Skill      XL: |  1  2  3  4 |
---------------+-------------+-----
Fighting       | 3 4 5 |  5.7
Dodging        | 3 4 5 |  5.6
Unarmed Combat | 4 6 7 |  7.4
Stealth        | |  0.1

Action                     |  1- 3 |  4- 6 || total
---------------------------+-------+-------++-------
  Melee: Unarmed           |    21 |    12 ||    33
 Invoke: Berserk           |     1 |       ||     1
 Armour: Animal skin       |     1 |     1 ||     2
  Dodge: Dodged            |     3 |     9 ||    12

Table legend: (Time is in decaauts)
 A = Elapsed time spent in this place.
 B = Non-inter-level travel time spent in this place.
 C = Inter-level travel time spent in this place.
 D = Time resting spent in this place.
 E = Time spent auto-exploring this place.
 F = Levels seen in this place.
 G = Mean time per level.
                   A        B        C        D        E       F      G
               +--------+--------+--------+--------+--------+-----+--------+
         Total |    152 |    152 |      0 |      2 |     60 |   1 |  152.0 |
       Dungeon |    152 |    152 |      0 |      2 |     60 |   1 |  152.0 |
               +--------+--------+--------+--------+--------+-----+--------+

Top non-repeatable levels by time:
       D: 152 daAuts
